 Dungeon Crawl Stone Soup version 0.19.5 (webtiles) character file.

287 Jannitor the Slasher (level 6, -2/43 HPs)
             Began as a High Elf Chaos Knight on Mar 14, 2019.
             Slain by a gnoll
             ... wielding a +0 halberd
              (12 damage)
             ... on level 3 of the Dungeon.
             The game lasted 00:04:05 (2625 turns).

Jannitor the Slasher (High Elf Chaos Knight)        Turns: 2625, Time: 00:04:05

Health: -2/43      AC:  7    Str: 13    XL:     6   Next: 8%
Magic:  7/7        EV: 12    Int: 16    God:    Xom [.*....]
Gold:   118        SH:  0    Dex: 15    Spells: 0 memorised, 5 levels left

rFire  + . .     SeeInvis .     a - +0 falchion (chaos)
rCold  . . .     Gourm    .     b - +2 leather armour
rNeg   . . .     Faith    .     (no shield)
rPois  .         Spirit   .     (no helmet)
rElec  .         Reflect  .     i - +0 cloak
rCorr  .         Harm     .     s - +0 pair of gloves
MR     .....                    (no boots)
Stlth  +.........               (no amulet)
                                (no ring)
                                d - ring of protection from fire (curse)

@: heavily drained
A: no striking features
a: Renounce Religion


You were on level 3 of the Dungeon.
You worshipped Xom.
You were a plaything of Xom.
You were not hungry.

You visited 1 branch of the dungeon, and saw 3 of its levels.

You collected 118 gold pieces.

Inventory:

Hand Weapons
 a - a +0 falchion of chaos (weapon)
Armour
 b - a +2 leather armour (worn)
 i - a +0 cloak (worn)
 s - a +0 pair of gloves (worn)
Jewellery
 d - a cursed ring of protection from fire (left hand)
Scrolls
 l - a scroll of magic mapping {unknown}
 n - a scroll of immolation {unknown}
 o - 2 scrolls of teleportation {unknown}
 q - a scroll of identify {unknown}
 r - a scroll of noise {unknown}
 t - a scroll of remove curse {unknown}
Potions
 e - a potion of heal wounds
 f - a potion of lignification {unknown}
 h - 2 potions of invisibility {unknown}
 m - a potion of flight {unknown}
 p - a potion of agility
Comestibles
 c - 2 bread rations
 g - 5 meat rations
 k - 2 slices of pizza


   Skills:
 + Level 4.2(2.5) Fighting
 + Level 5.2(3.4) Long Blades
 + Level 2.7(1.0) Armour
 + Level 3.9(2.1) Dodging


You had 5 spell levels left.
You didn't know any spells.

Dungeon Overview and Level Annotations

Branches:
Dungeon (3/15)

Altars:
Gozag
Trog


Message History

The gnoll is heavily wounded.
The gnoll closely misses you.
You hit the gnoll. You burn the gnoll.
The gnoll is almost dead.
The gnoll hits you with a halberd.
You barely miss the gnoll.
The gnoll is almost dead.
The gnoll hits you with a halberd!
A shower of butterflies erupts from you!
You hit the gnoll but do no damage.
The gnoll is almost dead.
The gnoll hits you with a halberd!
* * * LOW HITPOINT WARNING * * *
You are too injured to fight recklessly!
Unknown command.
You closely miss the gnoll.
The gnoll is almost dead.
The gnoll hits you with a halberd!
You die... "This toy is broken."

#.##..##.
#.##.....
#.##)####
####.##.# #
#######....#..#
#
#............##
#
#.b.b......###
# #.g.b.....##
# #@..b.....# #
#..b......# #
#.b.......# #
###########


You could see a gnoll.

Vanquished Creatures
  Terence (D:2)
  Jessica (D:3)
  An orc wizard (D:3)
  Natasha (thrice) (D:3)
  A gnoll (D:3)
  2 adders
  An ooze (D:1)
  4 worms
  A dart slug (D:2)
  2 leopard geckos (D:1)
  2 orcs (D:3)
  A ball python (D:2)
  6 bats
  4 giant cockroaches
  4 hobgoblins
  5 jackals
  6 kobolds
  3 quokkas (D:2)
  6 frilled lizards
  12 goblins
  31 rats
97 creatures vanquished.

Vanquished Creatures (others)
  A wizard (D:3)
1 creature vanquished.

Grand Total: 98 creatures vanquished

Notes
Turn   | Place    | Note
-------+----------+-------------------------------------------
     0 | D:1      | Jannitor the High Elf Chaos Knight began the quest for the Orb.
     0 | D:1      | Reached XP level 1. HP: 16/16 MP: 2/2
     6 | D:1      | Reached skill level 1 in Armour
    47 | D:1      | Reached XP level 2. HP: 9/21 MP: 3/3
   510 | D:1      | XOM: cast spell 'Summon Small Mammal'
   515 | D:1      | Reached skill level 4 in Long Blades
   574 | D:1      | XOM: harmless Hex miscast
   591 | D:1      | Reached XP level 3. HP: 24/26 MP: 4/4
   782 | D:1      | XOM: harmless Erth miscast
   945 | D:2      | Noticed Terence
   947 | D:2      | XOM: potion effect (agility)
   980 | D:2      | Killed Terence
   980 | D:2      | Reached XP level 4. HP: 18/33 MP: 5/5
  1273 | D:2      | XOM: cloud trail
  1430 | D:2      | XOM: silly message
  1503 | D:2      | XOM is BORED!
  1503 | D:2      | XOM: medium Hex miscast
  1690 | D:2      | XOM: harmless Fire miscast
  1779 | D:3      | XOM: potion effect (brilliance)
  1781 | D:3      | Noticed Natasha
  1782 | D:3      | Reached XP level 5. HP: 35/37 MP: 6/6
  1817 | D:3      | XOM: potion effect (berserk rage)
  1822 | D:3      | Killed Natasha
  1867 | D:3      | XOM: harmless Chrm miscast
  1868 | D:3      | Noticed Natasha
  1889 | D:3      | Killed Natasha
  1889 | D:3      | Reached skill level 5 in Long Blades
  2008 | D:3      | XOM: divination: magic mapping
  2028 | D:3      | Noticed Natasha
  2029 | D:3      | Noticed Jessica
  2036 | D:3      | Killed Jessica
  2038 | D:3      | XOM: smoke on damage
  2039 | D:3      | Killed Natasha
  2039 | D:3      | Reached XP level 6. HP: 37/43 MP: 7/7
  2213 | D:3      | XOM: noise
  2270 | D:3      | Found a bloodstained altar of Trog.
  2271 | D:3      | Noticed a wizard
  2277 | D:3      | Killed a wizard
  2316 | D:3      | Found an opulent altar of Gozag.
  2371 | D:3      | XOM: swap monsters
  2623 | D:3      | XOM: butterfly on damage
  2625 | D:3      | Slain by a gnoll

Skill      XL: |  1  2  3  4  5 |
---------------+----------------+-----
Armour         | 1 2 |  2.7
Long Blades    | 4 5 |  5.2
Dodging        | 3 |  3.9
Fighting       | 4 |  4.2

Action                   |  1- 3 |  4- 6 || total
-------------------------+-------+-------++-------
Melee: Falchion          |   122 |   190 ||   312
  Use: Potion            |       |     2 ||     2
 Stab: Sleeping          |     1 |     3 ||     4
       Paralysed         |       |     2 ||     2
       Confused          |       |     1 ||     1
       Petrified         |       |     1 ||     1
  Eat: Chunk             |       |     6 ||     6
Armor: Leather armour    |    25 |    53 ||    78
Dodge: Dodged            |    86 |   106 ||   192
       Rpst.: Falchion   |    26 |    28 ||    54
